AoeStats
← lapskaus

Arena

509898071Analyzed
1v1 RM · 5d ago on Sep 28, 2026· 26m 19s· 2 players
Game mode
Random Map
Map size
Tiny (2 player)
Population
200
Speed
Normal
Resources
Standard
Victory
Conquest
Starting age
Dark Age
Ending age
Imperial Age
RankedLock teamsTeams togetherTeam positionsShared explorationLock speedFull tech treeHidden civsTurbo modeCheats
Victory
Defeat
🇳🇴 Goths · Norway
1023
+17
🇨🇦 Aztecs · Canada
1040
-17
lapskaus
11:44 Feudal Age
15:38 Castle Age
13:39 Double-Bit Axe
13:37 Horse Collar
14:19 Loom
17:16 Bow Saw
17:08 Heavy Plow
17:46 Wheelbarrow
16:59 Light Cavalry
19:07 Man-at-Arms
20:21 Long Swordsman
22:44 Loom
24:29 Scale Mail Armor
24:40 Forging
Nix
9:31 Feudal Age
8:51 Loom
13:27 Castle Age
12:10 Double-Bit Axe
12:20 Gold Mining
23:54 Sanctity
Connection lost

Rejoining the realm…

Still unreachable

The connection could not be restored.

Session expired

The server has moved on; the page needs a fresh start.